 Dungeon Crawl Stone Soup version 0.27.0-1-g7a089689b8 (webtiles) character file.

Game seed: 8960220927119013213

98 Acheron the Gusty (level 4, 0/40 HPs)
             Began as a Troll Air Elementalist on Aug 12, 2021.
             Was a Believer of Sif Muna.
             Slain by a goblin (2 damage)
             ... on level 3 of the Dungeon.
             The game lasted 00:13:56 (2333 turns).

Acheron the Gusty (Troll Air Elementalist)          Turns: 2333, Time: 00:13:56

Health: 0/40       AC:  4    Str: 16    XL:     4   Next: 44%
Magic:  5/5        EV: 10    Int: 12    God:    Sif Muna [**....]
Gold:   108        SH:  0    Dex: 10    Spells: 2/6 levels left

rFire    . . .     SeeInvis .     - Unarmed
rCold    . . .     Faith    .   (no shield)
rNeg     . . .     Spirit   .   a - +0 robe
rPois    .         Reflect  .   (helmet restricted)
rElec    .         Harm     .   (no cloak)
rCorr    .         Rampage  .   (gloves unavailable)
Will     +....                  (boots unavailable)
Stlth    +.........             (no amulet)
HPRegen  1.13/turn              c - ring of willpower
MPRegen  0.09/turn              (no ring)

@: lethally poisoned (0 -> -1)
A: large, unfitting armour, claws 3, regeneration 1, shaggy fur 1, tough skin 1
a: Renounce Religion, Channel Magic


You were on level 3 of the Dungeon.
You worshipped Sif Muna.
Sif Muna was pleased with you.
You visited 1 branch of the dungeon, and saw 4 of its levels.

You collected 108 gold pieces.

Inventory:

Hand Weapons
 b - a +3 short sword
Missiles
 f - 56 stones
Armour
 a - a +0 robe (worn)
Jewellery
 c - a ring of willpower (left claw)
Scrolls
 g - a scroll of blinking
 h - a scroll of amnesia
 i - 3 scrolls of identify
 j - a scroll of teleportation {unknown}
Potions
 d - a potion of magic
 e - a potion of curing


   Skills:
 * Level 0.8 Fighting
 * Level 1.9 Dodging
 * Level 1.2 Stealth
 * Level 1.5 Unarmed Combat
 * Level 1.5 Spellcasting
 * Level 1.3 Conjurations
 * Level 0.1 Translocations
 + Level 2.2 Air Magic
 * Level 0.1 Invocations


You had 2 spell levels left.
You knew the following spells:

 Your Spells              Type           Power      Damage    Failure   Level
a - Apportation           Tloc           2%         N/A       26%         1
b - Shock                 Conj/Air       20%        1d4       14%         1
c - Static Discharge      Conj/Air       5%         N/A       21%         2

Your spell library contained the following spells:

 Spells                   Type           Power      Damage    Failure   Level
 Animate Skeleton         Necr           0%         N/A       28%         1
 Corona                   Hex            0%         N/A       28%         1
 Summon Small Mammal      Summ           0%         N/A       28%         1
 Swiftness                Air            6%         N/A       34%         3
 Airstrike                Air            3%         N/A       75%         4


Dungeon Overview and Level Annotations

Branches:
Dungeon (4/15)
 Temple: D:4-7

Altars:
Gozag
Hepliaklqana
Sif Muna

Annotations:
D:3 2 transporters


Innate Abilities, Weirdness & Mutations

You are too large for most types of armour.
You have claws for hands.
Your natural rate of healing is unusually fast.
You are covered in fur. (AC +1)
You have tough skin. (AC +1)


Message History

The jackal bites you but does no damage.
A goblin comes into view. It is wielding a +0 whip.
The adder bites you.
You are poisoned.
The adder poisons you!
You feel sick. The adder bites you but does no damage.
You feel sick.
You feel sick.
The howler monkey hoots and howls with incredible vigour!
Found a dagger.
You claw the adder!
The adder is almost dead.
You feel sick. The adder bites you but does no damage.
The goblin hits you with a +0 whip. The adder bites you but does no damage.
You barely miss the adder.
The adder is almost dead.
You feel sick. The goblin hits you with a +0 whip. The adder bites you.
* * * LOW HITPOINT WARNING * * *
You are more poisoned.
The adder poisons you!
You miss the adder.
The adder is almost dead.
You feel sick. The adder barely misses you. The goblin barely misses you.
You closely miss the adder.
The adder is almost dead.
You feel sick. The adder bites you.
* * * LOW HITPOINT WARNING * * *
You are more poisoned.
The adder poisons you! The goblin barely misses you. The adder bites you.
* * * LOW HITPOINT WARNING * * *
You barely miss the adder.
The adder is almost dead.
You feel sick. The goblin hits you but does no damage.
The adder barely misses you.
You closely miss the adder.
The adder is almost dead.
You feel sick. The adder bites you.
* * * LOW HITPOINT WARNING * * *
The goblin hits you with a +0 whip.
You die...

##...........#.# *,
P#...........#.# *,
8#...........#.# *****#********,
##.##........#.# *,,,..,,,,,,,,,
...##..........# *,,...,,,,,,,,*
..........h..#.# *,....,,,,,,,,*
.#########...#.#*##.....,,,,,,,,*
## #.###h##......),,,,,,,,*
#.#..hS@.....#,,,,,,,,,*
#.#.#.##g....#,,,,,,,,,*
#...#..........,,,,,,,,*
##..#.##.....#.,,,,,,,,*
#.............,,,,,,,,*
##†#.#).....#.,,,****##
#...#,.....#***** #. ##..#,.....#
#. *.>#,,,,,,* *,


You could see a howler monkey, an adder, a jackal and a goblin.

Vanquished Creatures
  A hound (D:3)
  An adder (D:2)
  A dart slug (D:3)
  3 ball pythons (D:1)
  3 bats
  5 endoplasms
  A giant cockroach (D:1)
  6 goblins
  8 hobgoblins
  6 jackals
  3 quokkas
  A frilled lizard (D:2)
  7 kobolds
  4 rats
50 creatures vanquished.

Notes
Turn   | Place    | Note
-------+----------+-------------------------------------------
     0 | D:1      | Acheron the Troll Air Elementalist began the quest for the
                  | Orb.
     0 | D:1      | Reached XP level 1. HP: 16/16 MP: 1/1
   220 | D:1      | Reached XP level 2. HP: 24/24 MP: 2/2
   385 | D:1      | Found a faded altar of an unknown god.
   389 | D:1      | Became a worshipper of Sif Muna the Loreminder
   389 | D:1      | Reached * piety under Sif Muna
   610 | D:1      | Reached skill level 1 in Conjurations
  1081 | D:2      | Reached XP level 3. HP: 28/32 MP: 4/4
  1191 | D:2      | Learned a level 2 spell: Static Discharge
  1237 | D:2      | Reached skill level 1 in Unarmed Combat
  1917 | D:2      | Learned a level 1 spell: Apportation
  2007 | D:3      | Reached XP level 4. HP: 37/40 MP: 5/5
  2015 | D:3      | Found a hazy altar of Hepliaklqana.
  2052 | D:3      | Reached ** piety under Sif Muna
  2152 | D:3      | Found a transporter.
  2154 | D:3      | Found a transporter.
  2234 | D:4      | Noticed a scorpion
  2256 | D:3      | Found an opulent altar of Gozag.
  2333 | D:3      | HP: 2/40 [adder (3)]
  2333 | D:3      | Slain by a goblin

Illustrated notes

Levels and vault maps discovered:
D:1:      minmay_arrival_five_plusses, layout_basic,
          shapermc_ecumenical_altar_mp_vishouse
D:2:      layout_basic, kennysheep_generic_room_13
D:3:      gammafunk_steamed_eel, layout_basic, marbit_many_paths,
          worldfamousw_hep_ancestral_shrine
D:4:      layout_basic, mainiacjoe_overflow_six_doors_small,
          mainiacjoe_overflow_catwalk

Skill      XL: |  1  2  3 |
---------------+----------+-----
Conjurations   | 1 |  1.3
Unarmed Combat | 1 |  1.5
Fighting       | |  0.8
Dodging        | |  1.9
Stealth        | |  1.2
Spellcasting   | |  1.5
Translocations | |  0.1
Air Magic      | |  2.2
Invocations    | |  0.1

Action                   |  1- 3 |  4- 6 || total
-------------------------+-------+-------++-------
Melee: Unarmed           |    89 |    18 ||   107
 Cast: Shock             |    30 |     7 ||    37
  Use: Scroll            |     6 |     2 ||     8
 Stab: Sleeping          |       |     1 ||     1
Armor: Robe              |    29 |    10 ||    39
Dodge: Dodged            |    40 |    18 ||    58
